Map: [ESL] NeoHumanity

Players

Cow (PiG) - Winner!

  • Race: Terran Terran
  • League: Grandmaster
  • Spawn Location: 5:00

Maia

  • Race: Terran Terran
  • Spawn Location: 11:00

VOD

https://www.youtube.com/playlist?list=PLOrKQEirgvjBrkg_LERyoNc_WYX2C2tgI

Description

Time

  • Played on: July 18, 2023, 8:59 p.m.
  • Length: 13:08
Show
View Real Time Build Order
Export as new Build Order

Cow Terran - Winner!

Build Orders:  

Get SALT Encoding   

  12  0:00  SCV  
  13  0:12  SCV  
  14  0:18  Supply Depot  
  14  0:24  SCV  
  15  0:39  SCV  
  15  0:42  Barracks  
  16  0:46  Refinery  
  16  0:51  SCV  
  17  1:04  SCV  
  18  1:16  SCV  
  19  1:29  Orbital Command  
  19  1:31  Barracks Reactor  
  19  1:41  Command Center  
  19  1:57  SCV  
  19  1:58  Supply Depot  
  20  2:09  SCV  
  20  2:11  Marine x2  
  23  2:21  SCV  
  24  2:26  Bunker  
  24  2:28  Marine x2  
  26  2:33  SCV  
  26  2:34  Factory  
  27  2:41  Refinery  
  27  2:45  SCV  
  27  2:46  Marine x2  
  30  2:57  SCV  
  30  2:58  Orbital Command  
  31  3:04  Marine x2  
  33  3:10  SCV  
  34  3:19  Starport  
  34  3:21  Factory Tech Lab  
  34  3:26  SCV x2  
  36  3:29  Marine  
  36  3:30  Marine  
  38  3:37  Supply Depot  
  38  3:38  SCV x2  
  39  3:50  Marine x2, SCV x2  
  43  3:59  Viking  
  43  4:02  SCV x2  
  50  4:03  Supply Depot  
  50  4:09  Supply Depot  
  50  4:15  Cyclone  
  50  4:22  SCV  
  50  4:23  SCV  
  52  4:28  Barracks Reactor  
  52  4:35  SCV x2  
  54  4:46  Viking x2  
  58  4:53  SCV  
  58  4:54  SCV  
  60  5:01  Siege Tank  
  60  5:05  SCV  
  60  5:06  SCV  
  65  5:08  Supply Depot  
  65  5:10  Supply Depot  
  65  5:16  Viking x2  
  65  5:18  SCV  
  65  5:20  Barracks  
  70  5:24  Barracks x2  
  70  5:25  Refinery  
  70  5:26  Barracks  
  70  5:27  Refinery  
  64  5:58  SCV x2  
  64  6:03  Marine x2  
  68  6:04  Siege Tank  
  68  6:05  Viking x2  
  68  6:10  SCV x2  
  77  6:22  SCV x2  
  79  6:26  Supply Depot  
  79  6:28  Supply Depot  
  79  6:31  Barracks Tech Lab  
  79  6:32  Barracks Tech Lab, Barracks Reactor x2  
  79  6:34  SCV  
  79  6:35  SCV  
  81  7:14  Combat Shield  
  81  7:15  Stimpack  
  81  7:19  Engineering Bay  
  81  7:23  Marine  
  81  7:24  Marauder x2, Marine x3  
  81  7:25  Marine x2  
  81  7:27  Siege Tank  
  81  7:28  Medivac x2  
  98  7:39  Supply Depot x2  
  98  7:41  Marine  
  98  7:42  Marine x3  
  94  8:03  Supply Depot x2  
  97  8:05  Marauder  
  97  8:06  Marine x5, Marauder  
  97  8:07  Siege Tank  
  97  8:08  Medivac x2  
  111  8:27  Marauder, Supply Depot  
  111  8:33  Concussive Shells  
  111  8:38  Viking x2  
  111  8:39  Siege Tank  
  118  8:47  Marauder, Marine x4  
  118  8:48  Marine x2, Marauder  
  128  8:56  Supply Depot  
  128  9:00  Supply Depot  
  128  9:05  Marine  
  128  9:08  Viking x2, Marauder  
  135  9:11  Siege Tank  
  135  9:16  Terran Infantry Weapons Level 1  
  140  9:24  Marauder, Marine x6  
  140  9:30  Marauder  
  148  9:38  Viking x2  
  152  9:42  Marine x6  
  158  9:51  Marauder  
  158  10:03  Marine  
  158  10:09  Supply Depot x2  
  158  10:10  Marine x2  
  158  10:11  Marine  
  158  10:12  Marine  
  158  10:13  Marine  
  157  10:20  Marauder  
  157  10:21  Marine, Marauder  
  157  10:25  Siege Tank  
  157  10:32  Supply Depot  
  157  10:35  Refinery  
  153  12:17  Command Center  
  153  12:19  Marine x3, Marauder x2  
  153  12:20  Marine x3  
  153  12:21  Siege Tank  
  153  12:22  Viking x2  
  170  12:26  Command Center  
  170  12:29  Engineering Bay  
  170  12:30  Refinery, Armory  
  170  12:33  Refinery  
  170  12:37  Marine  
  170  12:41  Marauder  
Show
View Real Time Build Order
Export as new Build Order

Maia Terran 

Build Orders:  

Get SALT Encoding   

  12  0:00  SCV  
  13  0:12  SCV  
  14  0:17  Supply Depot  
  14  0:24  SCV  
  15  0:38  SCV  
  15  0:39  Barracks  
  16  0:46  Refinery  
  16  0:50  SCV  
  16  0:53  Refinery  
  17  1:02  SCV  
  18  1:15  SCV  
  19  1:26  Supply Depot  
  19  1:27  SCV  
  20  1:41  Factory  
  20  1:43  SCV  
  21  1:55  SCV  
  22  2:26  Armory  
  22  2:27  Factory Tech Lab  
  22  2:37  Starport  
  22  2:50  Marine  
  23  3:07  Marine  
  24  3:16  Fusion Core  
  24  3:25  Marine  
  25  3:32  Orbital Command  
  25  3:43  Marine  
  26  4:07  Battlecruiser  
  26  4:09  Supply Depot  
  32  4:12  Supply Depot  
  32  4:35  Engineering Bay  
  32  4:36  Supply Depot  
  32  4:53  Weapon Refit  
  32  5:07  Marine  
  33  5:25  Marine  
  34  5:46  Battlecruiser  
  34  5:49  Command Center  
  34  6:28  Barracks Reactor  
  34  6:34  Factory Tech Lab  
  34  6:40  Hi-Sec Auto Tracking  
  34  6:47  Missile Turret  
  34  6:48  Missile Turret  
  34  6:50  Missile Turret  
  34  6:59  Battlecruiser  
  40  7:07  Marine  
  40  7:08  Marine  
  42  7:11  Supply Depot  
  42  7:14  Orbital Command  
  42  7:25  Marine x2  
  44  7:35  Supply Depot  
  44  7:43  Marine x2  
  46  7:51  SCV  
  46  7:58  Supply Depot  
  47  8:01  Marine x2  
  47  8:03  Battlecruiser  
  47  8:04  SCV  
  56  8:16  SCV  
  57  8:20  Supply Depot  
  57  8:26  Siege Tank  
  60  8:28  SCV  
  61  8:40  SCV  
  62  8:48  Neosteel Armor  
  62  8:59  Bunker  
  62  9:07  Refinery  
  62  9:08  Refinery  
  62  9:23  Marine  
  62  9:24  Marine  
  64  9:32  Viking  
  66  9:38  SCV  
  66  9:41  Marine x2  
  64  9:59  Marine x2  
  58  10:02  Viking  
  60  10:17  Marine x2  
  56  10:32  Viking  
  56  10:35  Marine x2  
  54  10:51  Siege Tank  
  54  10:52  Marine  
  54  10:53  Marine  
  59  11:02  Viking  
  61  11:10  Marine  
  63  11:14  Marine  
Tags
 
Add a new tag
Caveats
  • Supply blocks, unpowered buildings, or Contaminate may cause inaccurate times.
  • Supply counts are checked every 10 seconds.